 Dungeon Crawl Stone Soup version 0.19.1-1-g22dce08 (webtiles) character file.

13 Dolanko the Slasher (level 2, -2/25 HPs)
             Began as a Draconian Gladiator on Dec 30, 2016.
             Slain by Sigmund
             ... wielding a +4 scythe of venom
              (8 damage)
             ... on level 2 of the Dungeon.
             The game lasted 00:00:37 (364 turns).

Dolanko the Slasher (Draconian Gladiator)            Turns: 364, Time: 00:00:38

Health: -2/25      AC:  4    Str: 17    XL:     2   Next: 24%
Magic:  2/2        EV: 13    Int:  8    God:
Gold:   10         SH:  0    Dex: 11    Spells: 0 memorised, 1 level left

rFire  . . .     SeeInvis .     a - +0 long sword
rCold  . . .     Gourm    .     (armour unavailable)
rNeg   . . .     Faith    .     (no shield)
rPois  .         Spirit   .     b - +0 hat
rElec  .         Reflect  .     (no cloak)
rCorr  .         Harm     .     (no gloves)
MR     .....                    (no boots)
Stlth  +.........               (no amulet)
                                (no ring)
                                (no ring)

@: lethally poisoned (-2 -> -10)
A: unfitting armour, cold-blooded, AC +4
a: no special abilities


You were on level 2 of the Dungeon.
You were not hungry.

You visited 1 branch of the dungeon, and saw 2 of its levels.

You collected 10 gold pieces.

Inventory:

Hand Weapons
 a - a +0 long sword (weapon)
Missiles
 c - 3 throwing nets (quivered)
Armour
 b - a +0 hat (worn)
Comestibles
 d - a bread ration


   Skills:
 + Level 2.4 Fighting
 * Level 3.3 Long Blades
 - Level 1.7 Throwing
 + Level 2.9 Dodging


You had one spell level left.
You didn't know any spells.

Dungeon Overview and Level Annotations

Branches:
Dungeon (1/15)

Altars:
Sif Muna

Annotations:
D:2 Ijyb, Sigmund


Innate Abilities, Weirdness & Mutations

Your plain brown scales are hard. (AC +4)
You cannot fit into any form of body armour.
You are cold-blooded and may be slowed by cold attacks.


Message History

Ijyb is heavily wounded.
Ijyb barely misses you.
You riposte.
You closely miss Ijyb.
Your tail-slap misses Ijyb.
Ijyb is heavily wounded.
The goblin splashes around in the water.
The goblin hits you with a club. Ijyb barely misses you.
You riposte.
You barely miss Ijyb.
Ijyb is heavily wounded.
You closely miss the goblin. The goblin hits you. Something barely misses you.
The goblin barely misses you. Ijyb hits you.
You barely miss the goblin.
Your tail-slap misses the goblin.
The goblin closely misses you.
You riposte.
You miss the goblin. Ijyb hits you but does no damage. Something hits you.
You are poisoned.
The goblin hits you with a club. The goblin hits you but does no damage.
You barely miss the goblin.
You feel sick. Ijyb hits you.
* * * LOW HITPOINT WARNING * * *
The goblin hits you but does no damage. The goblin misses you.
Something hits you!
You die...

###### ##≈≈≈≈≈##
#≈≈≈≈≈≈≈#
#≈≈...≈g#### ..
#≈≈._..@g{.# ...
#≈≈...≈g##.#
....#≈≈≈≈≈≈≈##.#
#...##≈≈≈≈≈###g#
#....#######...#
.(.##.........g...##
....#.[........#####
............@..#
............?..#


You could see Ijyb and 2 goblins.

Vanquished Creatures
  A leopard gecko (D:1)
  A bat (D:1)
  A giant cockroach (D:1)
  A goblin (D:1)
  4 hobgoblins (D:1)
  2 kobolds (D:1)
10 creatures vanquished.

Notes
Turn   | Place    | Note
-------+----------+-------------------------------------------
     0 | D:1      | Dolanko the Draconian Gladiator began the quest for the Orb.
     0 | D:1      | Reached XP level 1. HP: 17/17 MP: 1/1
     2 | D:1      | Noticed a draconian
     4 | D:1      | Noticed a vampire
     4 | D:1      | Noticed a formicid
     6 | D:1      | Noticed a troll
     6 | D:1      | Noticed an elf
     8 | D:1      | Noticed a halfling
     8 | D:1      | Noticed an ogre
    10 | D:1      | Noticed a felid
    12 | D:1      | Noticed an octopode
    12 | D:1      | Noticed a minotaur
    14 | D:1      | Noticed a naga
    14 | D:1      | Noticed a gargoyle
    18 | D:1      | Noticed a vine stalker
    18 | D:1      | Noticed a tengu
    20 | D:1      | Noticed a merfolk
    20 | D:1      | Noticed a human
    22 | D:1      | Noticed a demigod
    22 | D:1      | Noticed a demonspawn
    24 | D:1      | Noticed a dwarf
    24 | D:1      | Noticed a ghoul
    26 | D:1      | Noticed a centaur
    26 | D:1      | Noticed a spriggan
    66 | D:1      | Reached XP level 2. HP: 20/25 MP: 2/2
   331 | D:1      | You fall through a shaft!
   331 | D:2      | Noticed Ijyb
   335 | D:2      | Noticed Sigmund
   352 | D:2      | Found a deep blue altar of Sif Muna.
   364 | D:2      | Slain by Sigmund

Action                   || total
-------------------------++-------
Melee: Long sword        ||    39
       Tailslap          ||     4
Armor: Skin              ||    15
Dodge: Dodged            ||    39
       Rpst.: Long sword ||    18
